 Dungeon Crawl Stone Soup version 0.28.0-43-g3370ac3207 (webtiles) character file.

Game seed: 12173450034257092603

272 demenzo the Cudgeller (level 6, -10/39 HPs)
             Began as a Gargoyle Cinder Acolyte on Mar 10, 2022.
             Was a High Priest of Ignis.
             Mangled by an ogre
             ... wielding a +0 giant spiked club
              (25 damage)
             ... on level 4 of the Dungeon.
             The game lasted 00:03:05 (3308 turns).

demenzo the Cudgeller (Gargoyle Cinder Acolyte)     Turns: 3308, Time: 00:03:06

Health: -10/39     AC:  9    Str: 19    XL:     6   Next: 23%
Magic:  7/7        EV: 10    Int: 15    God:    Ignis [*****.]
Gold:   183        SH:  0    Dex: 11    Spells: 7/7 levels left

rFire   + . .      SeeInvis .   a - -1 mace (flame)
rCold   + . .      Faith    .   (no shield)
rNeg    + . .      Spirit   .   l - +0 ring mail
rPois   ∞          Reflect  .   (no helmet)
rElec   +          Harm     .   (no cloak)
rCorr   .          Rampage  .   (no gloves)
Will    .....                   (no boots)
Stlth   +.........              (no amulet)
HPRegen 0.13/turn               j - +6 ring of dexterity
MPRegen 0.10/turn               w - ring of protection from cold

@: no status effects
A: sickness immunity, AC +4, negative energy resistance 1, electricity
resistance, torment resistance 1, petrification resistance
a: Renounce Religion, Fiery Armour, Foxfire Swarm, Rising Flame


You were on level 4 of the Dungeon.
You worshipped Ignis.
Ignis was extremely pleased with you.
You visited 1 branch of the dungeon, and saw 4 of its levels.

You collected 183 gold pieces.

Inventory:

Hand Weapons
 a - a -1 mace of flaming (weapon)
 x - a +2 dagger of draining
Missiles
 d - 73 arrows
 m - 6 poisoned darts (quivered)
 u - 2 datura-tipped darts
 z - a throwing net
Armour
 b - a +0 robe
 l - a +0 ring mail (worn)
Jewellery
 j - a +6 ring of dexterity (left hand)
 v - a +6 ring of intelligence
 w - a ring of protection from cold (right hand)
Wands
 y - a wand of paralysis (3)
Scrolls
 e - 3 scrolls of vulnerability {unknown}
 h - a scroll of blinking {unknown}
 i - 2 scrolls of immolation {unknown}
 k - 2 scrolls of fear {unknown}
 p - 2 scrolls of noise {unknown}
 q - a scroll of amnesia {unknown}
 r - a scroll of teleportation {unknown}
 t - a scroll of acquirement {unknown}
 A - a scroll of identify {unknown}
Potions
 c - 3 potions of curing {unknown}
 f - a potion of mutation {unknown}
 g - a potion of might {unknown}
 n - a potion of degeneration {unknown}
 o - a potion of heal wounds {unknown}
 s - a potion of flight {unknown}


   Skills:
 + Level 4.7 Fighting
 * Level 5.3 Maces & Flails
 + Level 2.5 Armour
 - Level 1.0 Spellcasting
 - Level 3.0 Fire Magic


You had 7 spell levels left.
You didn't know any spells.
Your spell library contained the following spells:

 Spells                   Type           Power      Damage    Failure   Level
 Scorch                   Fire           18%        2d6       19%         2
 Inner Flame              Hex/Fire       5%         N/A       54%         3
 Cause Fear               Hex            0%         N/A       99%         4
 Discord                  Hex            0%         N/A       100%        8


Dungeon Overview and Level Annotations

Branches:
Dungeon (4/15)
 Temple: D:4-7

Altars:

Annotations:
D:4 3 runed translucent doors, WindUpCitrus's ghost, amateur DjFE


Innate Abilities, Weirdness & Mutations

You are immune to sickness and miasma.
Your stone body is resilient. (AC +4)
You are immune to poison.
You resist negative energy. (rN+)
You are resistant to electric shocks. (rElec)
You are resistant to unholy torment.
You are immune to petrification.


Message History

Unknown command.
Unknown command.
Unknown command.
You closely miss the goblin. The goblin completely misses you.
You hit the goblin but do no damage. You drain the goblin.
You kill the goblin!
Found 6 stones.
y - a wand of paralysis (3)
You see here a +0 club.
You see here a +0 club.
e - 3 scrolls labelled KIUTACVAFIC (gained 1)
z - a throwing net;
A - a scroll labelled YLEOLORAKA No target in view!
Found a stone staircase leading down.
No target in view!
c - 3 fuming golden potions (gained 1)
Found a club.
No target in view!
You open the door.
An ogre comes into view. It is wielding a +0 giant spiked club.
The ogre shouts!
There is an open door here.
Your -1 mace of flaming bursts into flame!
a - a -1 mace of flaming (weapon)
The ogre hits you with a +0 giant spiked club.
You hit the ogre. You burn the ogre.
The ogre is lightly wounded.
The ogre closely misses you.
You hit the ogre. You burn the ogre.
The ogre is moderately wounded.
The ogre hits you with a +0 giant spiked club!!
Ouch! That really hurt!
You are too injured to fight recklessly!
You are too injured to fight recklessly!
You are too injured to fight recklessly!
You barely miss the ogre.
The ogre is moderately wounded.
The ogre hits you with a +0 giant spiked club!!
Ouch! That really hurt!
You die...

#.# ## .. ##+# #.# .#
##...# #.#.. #.#
##.....########.## #..
#.......##.......#######
.........#.#........####
......O@.'..............
.........#.#.....##.####
#.......##.#.....##.# ##
##.....###.#.###.##.# #.
##...# #.....>.##.# #.
##+# ###........#
#)######## #.# # #.# #.


You could see an ogre.

Vanquished Creatures
  Sigmund (D:2)
  5 adders
  An adder skeleton (D:4)
  3 dart slugs
  3 orcs (D:2)
  4 bats (D:2)
  4 endoplasms
  2 giant cockroaches
  6 goblins
  4 hobgoblins
  4 quokkas
  7 ball pythons
  2 frilled lizards
  4 kobolds
  8 rats
58 creatures vanquished.

Vanquished Creatures (others)
  11 foxfires (D:2)
11 creatures vanquished.

Grand Total: 69 creatures vanquished

Notes
Turn   | Place    | Note
-------+----------+-------------------------------------------
     0 | D:1      | demenzo the Gargoyle Cinder Acolyte began the quest for the
                  | Orb.
     0 | D:1      | Reached XP level 1. HP: 14/14 MP: 2/2
   468 | D:1      | Reached XP level 2. HP: 19/19 MP: 3/3
   607 | D:1      | You fall into a shaft and drop 1 floor!
   861 | D:1      | Reached XP level 3. HP: 21/24 MP: 4/4
  1300 | D:2      | Reached skill level 4 in Maces & Flails
  1702 | D:2      | Reached XP level 4. HP: 26/29 MP: 5/5
  1834 | D:2      | Reached skill level 1 in Armour
  1973 | D:2      | Noticed Sigmund
  1978 | D:2      | Killed Sigmund
  1979 | D:2      | Reached skill level 5 in Maces & Flails
  1979 | D:2      | Reached XP level 5. HP: 34/34 MP: 6/6
  1979 | D:2      | Reached XP level 6. HP: 39/39 MP: 7/7
  2979 | D:4      | Found a runed translucent gate.
  2980 | D:4      | Found a runed translucent gate.
  2981 | D:4      | Found a runed translucent gate.
  2983 | D:4      | Noticed WindUpCitrus's ghost (amateur DjFE)
  3263 | D:4      | Paralysed by a goblin for 4 turns
  3308 | D:4      | Mangled by an ogre

Illustrated notes

Levels and vault maps discovered:
D:1:      lightli_iron_boxes, layout_loops_corners,
          corexii_item_surrounded_by_moat
D:2:      layout_loops_corners, kennysheep_generic_room_14, uniq_sigmund
D:3:      layout_rooms, hangedman_abyss_or_decor_lesser_grid
D:4:      layout_loops_corners, gammafunk_ghost_necromancy

Skill      XL: |  1  2  3  4 |
---------------+-------------+-----
Maces & Flails | 4 5 |  5.3
Fighting       | 4 |  4.7
Armour         | 2 |  2.5
Spellcasting   | |  1.0
Fire Magic     | |  3.0

Action                   |  1- 3 |  4- 6 || total
-------------------------+-------+-------++-------
Melee: Mace              |    90 |    50 ||   140
       Punch             |     2 |       ||     2
       Dagger            |       |     8 ||     8
Invok: Foxfire Swarm     |       |     1 ||     1
Armor: Robe              |    13 |       ||    13
       Ring mail         |    37 |    20 ||    57
Dodge: Dodged            |    47 |    29 ||    76
